[Event "Team 45 45 League T41"]
[Site "Internet Chess Club"]
[Date "2009.05.09"]
[Round "2"]
[White "Knightmare99"]
[Black "bmw2002"]
[Result "1/2-1/2"]
[WhiteElo "1155"]
[BlackElo "1607"]
[Opening "Caro-Kann: classical, Spassky variation"]
[ECO "B19"]
[Time "09:01:11"]
[TimeControl "2700+45"]

1. e4 c6 2. d4 d5 3. Nc3 dxe4 4. Nxe4 Bf5 5. Ng3 Bg6 6. h4 h6 7. Nf3 Nd7 8. h5
Bh7 9. Bd3 Bxd3 10. Qxd3 e6 11. Bf4 Qa5+ 12. Bd2 Qc7 13. O-O-O Ngf6 14. Ne4 Be7
15. Nxf6+ Bxf6 16. Rde1 O-O-O 17. Bc3 Rhe8 18. Qc4 Nb6 19. Qb3 Nd5 20. Bd2 Qb6
21. Qxb6 Nxb6 22. Bc3 Rd5 23. Rd1 Red8 24. b3 Bg5+ 25. Nxg5 Rxg5 26. g3 Rdd5 27.
Rh4 Rxh5 28. Rxh5 Rxh5 29. d5 Nxd5 30. Bxg7 Rh2 31. f4 h5 32. Bd4 {Game drawn by
mutual agreement} 1/2-1/2

[Event "Team 45 45 League T41"]
[Site "Internet Chess Club"]
[Date "2009.05.07"]
[Round "2"]
[White "Zyme"]
[Black "rocket"]
[Result "1-0"]
[WhiteElo "1485"]
[BlackElo "1276"]
[Opening "QGD: Orthodox defense, Bd3 line"]
[ECO "D66"]
[Time "20:59:14"]
[TimeControl "2700+45"]

1. d4 d5 2. c4 e6 3. Nc3 Nf6 4. Bg5 Be7 5. Nf3 Nbd7 6. e3 O-O 7. Rc1 c6 8. Bd3
h6 9. Bh4 Rb8 10. O-O Ne8 11. Bg3 Bd6 12. Bxd6 Nxd6 13. c5 Ne8 14. Bb1 Nef6 15.
Qc2 Re8 16. e4 b6 17. cxb6 Qxb6 18. e5 Ne4 19. Nxe4 dxe4 20. Qxe4 Nf8 21. Qxc6
Qxc6 22. Rxc6 Bb7 23. Rc2 Bxf3 24. gxf3 Rec8 25. Rfc1 Rxc2 26. Rxc2 Ng6 27. b3
Nf4 28. Kf1 Rd8 29. Rc7 g6 30. Rc4 Rd7 31. Ke1 Ng2+ 32. Kd2 Nh4 33. Ke3 Ng2+ 34.
Ke4 Nh4 35. Bd3 Nf5 36. Ra4 Nh4 37. Bb5 Rb7 38. Ra5 g5 39. f4 gxf4 40. Kxf4 Ng2+
41. Ke4 Ne1 42. Ba4 Ng2 43. Ra6 Nh4 44. Rd6 Kg7 45. Rd7 Rxd7 46. Bxd7 Ng2 47. a4
Ne1 48. b4 Nc2 49. b5 Nb4 50. a5 Nd5 51. Bc6 Nc7 52. b6 axb6 53. axb6 Na6 54. d5
Nc5+ 55. Kd4 Na6 56. d6 Kf8 57. Kc4 Nb8 58. Kb5 h5 59. b7 h4 60. Kb6 h3 61. Kc7
Na6+ 62. Kc8 Nb4 63. b8=Q Nxc6 64. Qa8 Nxe5 65. Kc7+ Kg7 66. d7 Ng4 67. d8=Q
Nxh2 68. Qh8+ Kg6 69. Qxh3 Ng4 70. Qxg4+ Kf6 71. Qa1+ Ke7 72. Qg5+ f6 73. Qg7+
Ke8 74. Qa8# {Black checkmated} 1-0

[Event "Team 45 45 League T41"]
[Site "Internet Chess Club"]
[Date "2009.05.10"]
[Round "2"]
[White "J4Jesus"]
[Black "zepled37"]
[Result "1-0"]
[WhiteElo "976"]
[BlackElo "1592"]
[Opening "Queen's bishop game"]
[ECO "D02"]
[Time "09:30:22"]
[TimeControl "2700+45"]

1. d4 d5 2. Nf3 Nf6 3. Bf4 e6 4. e3 Nbd7 5. Be2 c5 6. c3 b6 7. h3 Bb7 8. Nbd2
Ne4 9. Ne5 Ndf6 10. Bb5+ Ke7 11. Nxe4 dxe4 12. dxc5 bxc5 13. O-O Nd5 14. Bg3 f6
15. Nc4 Kf7 16. Qc2 Qc8 17. Nd2 a6 18. Be2 f5 19. Be5 Be7 20. Bh5+ g6 21. Bxh8
Qxh8 22. Be2 Qe5 23. Nc4 Qc7 24. Rfd1 f4 25. exf4 Qxf4 26. Qd2 Qc7 27. f3 Nf4
28. Rf1 Nxh3+ 29. Kh1 Bg5 30. Qd6 Qc8 31. fxe4+ Kg7 32. gxh3 Bxe4+ 33. Bf3 Qb7
34. Qe5+ Kh6 35. Bxe4 {Black resigns} 1-0

[Event "Team 45 45 League T41"]
[Site "Internet Chess Club"]
[Date "2009.05.10"]
[Round "2"]
[White "cer7"]
[Black "Ser-Enigma"]
[Result "0-1"]
[WhiteElo "2011"]
[BlackElo "2183"]
[Opening "Two knights defense"]
[ECO "C55"]
[Time "13:03:52"]
[TimeControl "2700+45"]

1. e4 e5 2. Nf3 Nc6 3. Bc4 Nf6 4. d4 exd4 5. O-O d5 6. exd5 Nxd5 7. c3 Bg4 8.
cxd4 Be7 9. Nc3 Nb6 10. Bb5 O-O 11. Be3 Nb4 12. a3 N4d5 13. Bd3 c5 14. Nxd5 Nxd5
15. dxc5 Nxe3 16. fxe3 Bxc5 17. Bxh7+ Kh8 18. Qa4 Bd7 19. Qf4 Kxh7 20. Ng5+ Kg8
21. Rf3 Be7 22. Nxf7 Qe8 23. Raf1 Bc6 24. Nh6+ Kh7 25. Nf5 Bxf3 26. Rxf3 Bf6 27.
Rh3+ Kg8 28. Qc4+ Rf7 29. Qg4 Rc7 30. Nh6+ Kf8 31. Nf5 Kg8 32. Nh6+ Kf8 33. Nf5
g6 34. Qb4+ Re7 35. Nd6 Qc6 36. Qf4 Qc1+ 37. Kf2 Qxb2+ 38. Kg1 Qc1+ 39. Kf2 Qd2+
40. Kf1 Re6 41. Rh8+ Ke7 42. Rh7+ Kd8 43. Nc4 Qd3+ 44. Kg1 Qb1+ 45. Kf2 Qf5
{White resigns} 0-1

[Event "Team 45 45 League T41"]
[Site "Internet Chess Club"]
[Date "2009.05.07"]
[Round "2"]
[White "trucazzo"]
[Black "mcplayerus"]
[Result "0-1"]
[WhiteElo "1938"]
[BlackElo "2105"]
[Opening "Modern defense"]
[ECO "A40"]
[Time "16:31:52"]
[TimeControl "2700+45"]

1. d4 g6 2. Bg5 Bg7 3. e4 d6 4. Nc3 h6 5. Bh4 c6 6. Bc4 b5 7. Bb3 Qb6 8. Qf3 e6
9. d5 cxd5 10. exd5 e5 11. Nge2 Nd7 12. Ne4 f5 13. N4g3 Nc5 14. O-O e4 15. Qe3
Nxb3 16. Qxb3 g5 17. Nh5 Be5 18. Bg3 f4 19. Nexf4 gxf4 20. Bxf4 Bxf4 21. Nxf4
Ne7 22. Rae1 Bf5 23. Rxe4 Bxe4 24. Re1 Bf5 25. Qc3 Rh7 26. Qf6 O-O-O 27. Rxe7
Rxe7 28. Qxe7 Qd4 29. g3 Qb6 30. b4 Qc7 31. Qf6 Bd7 32. Qxh6 Re8 33. Qg6 Qc4 34.
Qxd6 Re1+ 35. Kg2 Qe4+ 36. f3 Qxc2+ {White resigns} 0-1

[Event "Team 45 45 League T41"]
[Site "Internet Chess Club"]
[Date "2009.05.12"]
[Round "2"]
[White "Razorbackchess"]
[Black "bogolijubov"]
[Result "0-1"]
[WhiteElo "1771"]
[BlackElo "1824"]
[Opening "Grünfeld: 4.Bf4"]
[ECO "D82"]
[Time "14:14:43"]
[TimeControl "2700+45"]

1. d4 Nf6 2. c4 g6 3. Nc3 d5 4. Bf4 Bg7 5. e3 c5 6. dxc5 Qa5 7. Rc1 dxc4 8. Bxc4
O-O 9. Nf3 Qxc5 10. Bb3 Nc6 11. O-O Qa5 12. Qe2 Nh5 13. Bg5 Bg4 14. Bh4 Ne5 15.
Bd5 e6 16. Bxb7 Rab8 17. h3 Bxf3 18. Bxf3 Nxf3+ 19. Qxf3 Rxb2 20. g4 Bxc3 21.
gxh5 Bg7 22. hxg6 hxg6 23. a3 Qxa3 24. Ra1 Qb4 25. Bf6 Bxf6 26. Qxf6 Ra8 27.
Rfd1 a5 28. Rd4 Rb1+ 29. Rxb1 Qxb1+ 30. Kg2 Qf5 31. Rd8+ Rxd8 32. Qxd8+ Kg7 33.
f3 Qc2+ 34. Kg3 Qc5 35. e4 a4 36. Qd1 a3 37. Qa1+ Kh7 38. h4 Qb4 39. Qf6 Qb8+
40. Kg4 Kg8 41. h5 Qb2 42. e5 Qg2+ 43. Kf4 gxh5 44. Qd8+ Kh7 45. Qd3+ Qg6 46.
Qxa3 Qf5+ 47. Kg3 Qxe5+ 48. f4 Qe1+ 49. Kh3 Qh1+ 50. Kg3 Qg1+ 51. Kf3 Qg4+ 52.
Ke4 f5+ 53. Ke5 h4 54. Kxe6 Qxf4 55. Qe7+ Kh6 56. Qf8+ Kh5 57. Qf7+ Kg4 {White
resigns} 0-1

[Event "Team 45 45 League T41"]
[Site "Internet Chess Club"]
[Date "2009.05.07"]
[Round "2"]
[White "nardz"]
[Black "bobhill"]
[Result "1-0"]
[WhiteElo "2086"]
[BlackElo "2056"]
[Opening "QGD: Charousek (Petrosian) variation"]
[ECO "D31"]
[Time "21:06:32"]
[TimeControl "2700+45"]

1. d4 d5 2. c4 e6 3. Nc3 Be7 4. Nf3 h6 5. Bf4 Nf6 6. e3 O-O 7. cxd5 exd5 8. Qc2
b6 9. Bd3 c5 10. O-O Ba6 11. Rad1 Bxd3 12. Qxd3 Nc6 13. dxc5 Nb4 14. Qb1 Bxc5
15. a3 Na6 16. b4 Be7 17. e4 Nc7 18. Bxc7 Qxc7 19. Nxd5 Nxd5 20. exd5 Bd6 21.
Rc1 Qd7 22. Rc6 Rfe8 23. a4 Re2 24. Rfc1 Rae8 25. g3 Bb8 26. Qd3 R2e4 27. R1c4
Rxc4 28. Qxc4 Qf5 29. Kg2 Rd8 30. a5 bxa5 31. bxa5 Kh7 32. Rc5 Bd6 33. Rb5 Rc8
34. Qd4 Rc7 35. a6 Qd7 36. Rb8 Bc5 37. Qe4+ f5 38. Qe5 Bb6 39. Rb7 Rxb7 40. axb7
Bc7 41. b8=Q Bxb8 42. Qxb8 Qxd5 43. Qxa7 Kg6 44. Qe7 f4 45. Qd7 Qe4 46. Qd3 Kf5
47. g4+ {Black resigns} 1-0

[Event "Team 45 45 League T41"]
[Site "Internet Chess Club"]
[Date "2009.05.10"]
[Round "2"]
[White "bgolev"]
[Black "QueensCounselor"]
[Result "1-0"]
[WhiteElo "1843"]
[BlackElo "2019"]
[Opening "English opening"]
[ECO "A38"]
[Time "14:02:04"]
[TimeControl "2700+45"]

1. c4 Nf6 2. Nf3 c5 3. Nc3 g6 4. g3 Bg7 5. Bg2 O-O 6. O-O Nc6 7. e4 d6 8. d3 Bg4
9. h3 Bd7 10. a3 Qc8 11. Kh2 a6 12. Rb1 Rb8 13. Bd2 b5 14. cxb5 axb5 15. b4 cxb4
16. axb4 Nh5 17. Nd5 e6 18. Nf4 Nxf4 19. Bxf4 e5 20. Be3 Ra8 21. Qd2 Ra4 22.
Rfc1 Qa6 23. Rc2 Ra8 24. d4 exd4 25. Nxd4 Ne5 26. Bf1 Nf3+ 27. Nxf3 {Black
resigns} 1-0

[Event "Team 45 45 League T41"]
[Site "Internet Chess Club"]
[Date "2009.05.10"]
[Round "2"]
[White "livis"]
[Black "Alphalegacy"]
[Result "1-0"]
[WhiteElo "1914"]
[BlackElo "1897"]
[Opening "Alekhine's defense"]
[ECO "B02"]
[Time "17:00:04"]
[TimeControl "2700+45"]

1. e4 Nf6 2. e5 Nd5 3. Bc4 Nb6 4. Bb3 d6 5. Nf3 Nc6 6. exd6 cxd6 7. O-O g6 8. h3
Bg7 9. d4 O-O 10. c3 Bf5 11. Nbd2 d5 12. Qe2 Rc8 13. Re1 h6 14. Nf1 Be6 15. Ng3
Na5 16. Ne5 Bxe5 17. Qxe5 Nc6 18. Qf4 g5 19. Qe3 Qd6 20. h4 g4 21. Qxh6 Nd7 22.
Bc2 Nf6 23. Nh5 {Black resigns} 1-0

[Event "Team 45 45 League T41"]
[Site "Internet Chess Club"]
[Date "2009.05.13"]
[Round "2"]
[White "room-matt"]
[Black "baumhauer"]
[Result "1-0"]
[WhiteElo "1803"]
[BlackElo "1901"]
[Opening "Sicilian: Kan, 5.Bd3"]
[ECO "B42"]
[Time "09:32:24"]
[TimeControl "2700+45"]

1. e4 c5 2. Nf3 e6 3. d4 cxd4 4. Nxd4 a6 5. Bd3 Qc7 6. O-O Nf6 7. Qf3 d6 8. Nc3
Nbd7 9. Qg3 b5 10. a3 Bb7 11. Re1 g6 12. Bg5 e5 13. Nf3 Nh5 14. Qh3 h6 15. Bd2
Ndf6 16. Nh4 Be7 17. g4 Qd7 18. f3 Ng7 19. Bf1 h5 20. g5 Nh7 21. Qxd7+ Kxd7 22.
Bh3+ Kc7 23. f4 exf4 24. Bxf4 Nxg5 25. Bg2 N7e6 26. Bg3 Nd4 27. Rad1 Nge6 28.
Rd2 Bg5 29. Rf2 Raf8 30. e5 Bxg2 31. exd6+ Kd7 32. Nxg2 h4 33. Be5 Rh5 34. Bxd4
Nxd4 35. Ne4 Bd8 36. Nf6+ Bxf6 37. Rxf6 Ne6 38. Rexe6 fxe6 39. Rxf8 Kxd6 40. Ra8
Rg5 41. Rxa6+ Ke5 42. Kf2 h3 43. Nh4 Kd5 44. c4+ Kxc4 45. Rxe6 Rg4 46. Nxg6 Rg2+
47. Ke3 Rxh2 48. Re4+ Kc5 49. b3 Rb2 50. b4+ Kb6 51. Rh4 Rb3+ 52. Kd4 Rxa3 53.
Nf4 Rb3 54. Nd3 Rb1 55. Rxh3 Rg1 56. Rh6+ Kc7 57. Kc5 Rg5+ 58. Kd4 Rg4+ 59. Kc3
Rc4+ 60. Kd2 Rg4 61. Ke3 Rg3+ 62. Ke4 Rg4+ 63. Kd5 Rg5+ 64. Ke6 Rg4 65. Nc5 Rc4
66. Na6+ Kb7 67. Kd5 Rg4 68. Nc5+ Kc7 69. Ne4 Rf4 70. Rh5 Kb6 71. Rh6+ Kc7 72.
Rc6+ Kd8 73. Rb6 Rf5+ 74. Kd4 Rh5 75. Nf6 Rg5 76. Nd5 Rg4+ 77. Kc5 Rg5 78. Rxb5
Kc8 79. Ra5 Kb7 80. b5 Rg1 81. b6 Rc1+ 82. Kd6 Rc6+ 83. Ke5 Rc1 84. Ra7+ Kb8 85.
Nc7 Re1+ 86. Kd6 Rd1+ 87. Kc5 Rc1+ 88. Kd4 Kc8 89. Na6 Kd8 90. Ra8+ Kd7 91. b7
{Black resigns} 1-0

[Event "Team 45 45 League T41"]
[Site "Internet Chess Club"]
[Date "2009.05.07"]
[Round "2"]
[White "RingLord"]
[Black "BotanicalKnight"]
[Result "1-0"]
[WhiteElo "1659"]
[BlackElo "1564"]
[Opening "Caro-Kann: advance variation"]
[ECO "B12"]
[Time "20:02:57"]
[TimeControl "2700+45"]

1. e4 c6 2. d4 d5 3. e5 Bf5 4. Nc3 Qb6 5. Nf3 e6 6. Be2 Nd7 7. O-O c5 8. Na4 Qc6
9. b3 b5 10. Nb2 c4 11. a4 a6 12. Bg5 c3 13. Nd3 b4 14. a5 h6 15. Be3 g5 16. h3
Be7 17. Nh2 f6 18. Bh5+ Kf8 19. Nf3 Kg7 20. Ra4 Rb8 21. exf6+ Ngxf6 22. Nfe5
Nxe5 23. Nxe5 Qc7 24. Be2 Qb7 25. g4 Bg6 26. Nxg6 Kxg6 27. Qd3+ Kg7 28. Qxa6
Qxa6 29. Bxa6 h5 30. Be2 hxg4 31. hxg4 Rh4 32. Bxg5 Rh3 33. Kg2 Rbh8 34. Bd3
Rh2+ 35. Kf3 R8h3+ 36. Ke2 Bd6 37. Bxf6+ Kxf6 38. a6 Rh8 39. a7 Ra8 40. Bb5 Rh7
41. Rfa1 Rb7 {Black resigns} 1-0

[Event "Team 45 45 League T41"]
[Site "Internet Chess Club"]
[Date "2009.05.08"]
[Round "2"]
[White "PostMike"]
[Black "dougmo"]
[Result "1/2-1/2"]
[WhiteElo "1567"]
[BlackElo "1567"]
[Opening "French: Tarrasch, closed variation"]
[ECO "C05"]
[Time "14:32:07"]
[TimeControl "2700+45"]

1. e4 e6 2. d4 d5 3. Nd2 Nf6 4. e5 Nfd7 5. Bd3 c5 6. c3 Nc6 7. Ne2 Be7 8. Nf3 f6
9. exf6 Nxf6 10. Be3 cxd4 11. cxd4 Bd7 12. O-O O-O 13. a3 Rc8 14. Rc1 Bd6 15.
Bf4 Qc7 16. Bxd6 Qxd6 {Game drawn by mutual agreement} 1/2-1/2

[Event "Team 45 45 League T41"]
[Site "Internet Chess Club"]
[Date "2009.05.08"]
[Round "2"]
[White "Bookkeeper"]
[Black "tragicnate"]
[Result "1-0"]
[WhiteElo "1596"]
[BlackElo "1375"]
[Opening "Ruy Lopez: Berlin defense, Beverwijk variation"]
[ECO "C65"]
[Time "14:30:20"]
[TimeControl "2700+45"]

1. e4 e5 2. Nf3 Nc6 3. Bb5 Nf6 4. O-O Bc5 5. Re1 d6 6. h3 Nh5 7. d4 Qf6 8. dxc5
Qg6 9. Nh4 Qf6 10. Qxh5 g6 11. Qh6 {Black resigns} 1-0

[Event "Team 45 45 League T41"]
[Site "Internet Chess Club"]
[Date "2009.05.11"]
[Round "2"]
[White "Monsieur"]
[Black "Portola"]
[Result "1-0"]
[WhiteElo "1621"]
[BlackElo "1706"]
[Opening "QGD: 4.Bg5 Be7"]
[ECO "D53"]
[Time "09:00:07"]
[TimeControl "2700+45"]

1. d4 d5 2. c4 e6 3. Nc3 Nf6 4. Bg5 Be7 5. Qb3 Nc6 6. e3 dxc4 7. Qxc4 Bd7 8.
O-O-O O-O 9. Nf3 a6 10. Kb1 b5 11. Qb3 Na5 12. Qc2 Nc4 13. Bxf6 Bxf6 14. Ne4 Qe7
15. Bxc4 bxc4 16. Qxc4 Bb5 17. Qc5 Qd8 18. Nxf6+ Qxf6 19. Qxc7 Qg6+ 20. Qc2 Qf6
21. Ne5 Rac8 22. Qd2 Qf5+ 23. Ka1 Rc2 24. Qb4 Rfc8 25. a4 R2c4 26. Nxc4 Rxc4 27.
Rc1 Qd3 28. Rxc4 a5 29. Rc8+ {Black resigns} 1-0

[Event "Team 45 45 League T41"]
[Site "Internet Chess Club"]
[Date "2009.05.11"]
[Round "2"]
[White "Blindwood"]
[Black "crankn8tr"]
[Result "1/2-1/2"]
[WhiteElo "1706"]
[BlackElo "1536"]
[Opening "Sicilian: Pelikan (Lasker/Sveshnikov) variation"]
[ECO "B33"]
[Time "21:21:53"]
[TimeControl "2700+45"]

1. e4 c5 2. Nf3 Nc6 3. d4 cxd4 4. Nxd4 Nf6 5. Nc3 e5 6. Nxc6 dxc6 7. Qxd8+ Kxd8
8. Bd3 Be6 9. O-O h6 10. b3 g5 11. Bb2 Nd7 12. a4 Kc7 13. Rfd1 Rd8 14. Be2 Be7
15. Nb1 f6 16. Na3 Nc5 17. f3 Rxd1+ 18. Rxd1 Rd8 19. Rxd8 Kxd8 20. Bc4 Bd7 21.
Kf1 Ne6 22. c3 Kc7 23. Nc2 h5 24. Ne3 Ng7 25. Ke2 Ne6 26. g3 Ng7 27. Nc2 Ne6 28.
Ne3 Ng7 29. Nc2 Ne6 {Game drawn by mutual agreement} 1/2-1/2

[Event "Team 45 45 League T41"]
[Site "Internet Chess Club"]
[Date "2009.05.11"]
[Round "2"]
[White "john-beebs"]
[Black "g8wrb"]
[Result "1-0"]
[WhiteElo "1499"]
[BlackElo "1509"]
[Opening "French: Steinitz variation"]
[ECO "C11"]
[Time "12:00:08"]
[TimeControl "2700+45"]

1. e4 e6 2. d4 d5 3. Nc3 Nf6 4. e5 Nfd7 5. Bb5 c5 6. Be3 Qb6 7. Nf3 Nc6 8. O-O
a6 9. Bd3 cxd4 10. Nxd4 Qxb2 11. Na4 Qa3 12. c3 Qe7 13. Nxc6 bxc6 14. Bf4 g6 15.
Qc1 Qh4 16. g3 Qe7 17. Bg5 Qa3 18. Qc2 Nxe5 19. Bf6 Nf3+ 20. Kg2 Nxh2 21. Bxh8
Nxf1 22. Rxf1 Bd6 23. Nb6 Rb8 24. Nxc8 Rxc8 25. Rb1 Rb8 26. Rxb8+ Bxb8 27. Qb3
Qxb3 28. axb3 a5 29. Bd4 Bc7 30. f4 h5 31. Kh3 Bd8 32. g4 hxg4+ 33. Kxg4 Kf8 34.
b4 axb4 35. cxb4 Be7 36. Bc5 Bxc5 37. bxc5 Ke7 38. Kg5 Kf8 39. Kf6 Ke8 40. Ba6
d4 41. Ke5 Ke7 42. Bb7 d3 43. Bxc6 f6+ 44. Kd4 d2 45. Bf3 Kd7 46. Kd3 Kc7 47.
Kc4 Kd7 48. Kb5 Kc7 49. Kb4 e5 50. fxe5 fxe5 51. Kc3 d1=Q 52. Bxd1 Kc6 53. Kc4
e4 54. Be2 g5 55. Bd1 e3 56. Bf3+ Kc7 57. Kd3 g4 58. Bxg4 Kc6 59. Kc4 Kc7 60.
Bf3 Kd7 61. Kd3 e2 62. Kxe2 Kc7 63. Ke3 Kc8 64. Kd4 Kc7 65. Ke5 Kd8 66. Kd6 Kc8
67. Kc6 Kd8 68. Kb7 Kd7 69. c6+ Kd6 70. c7 Kd7 71. c8=Q+ Kd6 72. Qc4 Ke5 73. Kc7
Kf6 74. Qd5 Kg7 75. Qf5 Kh8 76. Kd7 Kg7 77. Ke7 Kh8 78. Be4 Kg7 79. Qh7# {Black
checkmated} 1-0

[Event "Team 45 45 League T41"]
[Site "Internet Chess Club"]
[Date "2009.05.11"]
[Round "2"]
[White "AtomicDog"]
[Black "havertown"]
[Result "1-0"]
[WhiteElo "1309"]
[BlackElo "1285"]
[Opening "Ruy Lopez: old Steinitz defense"]
[ECO "C62"]
[Time "17:30:18"]
[TimeControl "2700+45"]

1. e4 e5 2. Nf3 Nc6 3. Bb5 d6 4. O-O Bd7 5. c3 Nf6 6. d3 a6 7. Ba4 Be7 8. Nbd2
O-O 9. h3 Rb8 10. Nh2 Qc8 11. Ndf3 Bxh3 12. gxh3 Qxh3 13. Qe1 Ng4 14. Bd1 Nxh2
15. Nxh2 Qxd3 16. f3 Qb5 17. Qg3 Kh8 18. a4 Qc4 19. Be3 Qe6 20. b4 f5 21. exf5
Rxf5 22. Bc2 Rf6 23. Kh1 g6 24. Ng4 Rff8 25. Qh2 h5 26. Rf2 Kh7 27. Rg1 d5 28.
Qxh5+ Kg8 29. Nh6+ Kh8 30. Rxg6 Bf6 31. Nf7# {Black checkmated} 1-0

[Event "Team 45 45 League T41"]
[Site "Internet Chess Club"]
[Date "2009.05.10"]
[Round "2"]
[White "Gregorio"]
[Black "tc66062"]
[Result "1-0"]
[WhiteElo "2139"]
[BlackElo "1899"]
[Opening "English opening"]
[ECO "A13"]
[Time "19:00:53"]
[TimeControl "2700+45"]

1. c4 e6 2. g3 Nf6 3. Bg2 d5 4. Nf3 c6 5. b3 Bd6 6. Bb2 Nbd7 7. d3 b5 8. Nd4 Qb6
9. cxb5 cxb5 10. O-O O-O 11. Nd2 Be5 12. N2f3 Bd6 13. Qd2 a5 14. a3 Bb7 15. b4
axb4 16. axb4 Ra4 17. Rxa4 bxa4 18. Ba3 Rc8 19. Rb1 Bc5 20. e3 Ba6 21. Rc1 Bxd4
22. Nxd4 Rxc1+ 23. Bxc1 Ne5 24. Bf1 Qxd4 25. exd4 Nf3+ 26. Kg2 Nxd2 27. Bxd2 Kf8
28. f3 Nd7 29. Kf2 Nb8 30. Ke2 Nc6 31. Bc3 Ke8 32. Kd2 Na7 33. Be2 Bb5 34. Bb2
Nc8 35. h4 Ke7 36. Bc1 h6 37. g4 f6 38. h5 Kd6 39. f4 Ne7 40. Kc3 Nc6 41. Ba3
Ne7 42. Bd1 Nc6 43. g5 f5 44. Bxa4 Na7 45. Kb3 Kc6 46. Bc1 Nc8 47. Be3 Nb6 48.
Bxb5+ Kxb5 49. Bf2 Nd7 50. Bh4 Nf8 51. g6 Nd7 52. Be7 Kc6 53. Ka4 Kb6 54. Bd8+
Ka6 55. b5+ Ka7 56. Ka5 Kb7 57. b6 Nb8 58. Bc7 Nc6+ 59. Kb5 Nxd4+ 60. Kc5 Ne2
61. Be5 Nc1 62. d4 Nd3+ 63. Kd6 Nxe5 64. Kxe5 Kxb6 65. Kxe6 Kc6 66. Ke7 Kb5 67.
Kd6 Kc4 68. Ke5 Kd3 69. Kxd5 Ke3 70. Ke5 Kf3 71. Kxf5 Kg3 72. d5 Kh4 73. d6 Kxh5
74. d7 Kh4 75. d8=Q+ Kg3 76. Qd3+ Kh4 77. Qf3 h5 78. Qh1+ Kg3 79. Qxh5 Kg2 80.
Kg4 Kf2 81. Qe5 Kg2 82. Qe2+ Kg1 83. Kg3 Kh1 84. Qf1# {Black checkmated} 1-0

[Event "Team 45 45 League T41"]
[Site "Internet Chess Club"]
[Date "2009.05.11"]
[Round "2"]
[White "JoePio"]
[Black "b-spot"]
[Result "1-0"]
[WhiteElo "1921"]
[BlackElo "1694"]
[Opening "French defense"]
[ECO "C00"]
[Time "21:00:31"]
[TimeControl "2700+45"]

1. e4 e6 2. Nf3 d5 3. exd5 exd5 4. d4 Bd6 5. Bg5 Ne7 6. c3 Bg4 7. Nbd2 Nbc6 8.
Bd3 Qd7 9. Qb3 f6 10. Bh4 O-O-O 11. O-O-O h5 12. Rde1 Bf4 13. Bg3 Bxg3 14. hxg3
Kb8 15. Re3 g5 16. Rhe1 Rhe8 17. Bb5 Ka8 18. Bxc6 Nxc6 19. Rxe8 Rxe8 20. Rxe8+
Qxe8 21. Qxd5 h4 22. Kc2 h3 23. gxh3 Bxh3 24. Kd3 Qg6+ 25. Ne4 Bf1+ 26. Ke3 g4
27. Nh4 Qh6+ 28. f4 gxf3+ 29. Kxf3 Qc1 30. Qg8+ Nb8 31. Nxf6 Qd1+ 32. Kf4 Bh3
33. g4 Qd2+ 34. Kf5 Qf2+ 35. Kg5 Qe3+ 36. Kh5 Qe7 37. g5 Be6 38. Qh7 Qd6 39. g6
Qf4 40. Qe7 Qe3 41. g7 Qe2+ 42. Kh6 Qe3+ 43. Kh7 Bf5+ 44. Nxf5 Qh3+ 45. Nh6 Qf5+
46. Nxf5 {Black resigns} 1-0

[Event "Team 45 45 League T41"]
[Site "Internet Chess Club"]
[Date "2009.05.10"]
[Round "2"]
[White "Monsieur"]
[Black "kenjr"]
[Result "0-1"]
[WhiteElo "1599"]
[BlackElo "1865"]
[Opening "Trompowsky attack (Ruth, Opocenský opening)"]
[ECO "A45"]
[Time "19:30:15"]
[TimeControl "2700+45"]

1. d4 Nf6 2. Bg5 Ne4 3. h4 d5 4. Nc3 Nxc3 5. bxc3 h6 6. Bf4 c6 7. e3 Qa5 8. Ne2
Bg4 9. f3 Bf5 10. g4 Bh7 11. Bg2 e6 12. Qb1 b5 13. a4 a6 14. axb5 Qxb5 15. Qxb5
cxb5 16. Bxb8 Rxb8 17. Rxa6 Bxc2 18. Kd2 Bb3 19. Rha1 Be7 20. Rc6 O-O 21. h5 Bc4
22. Nf4 b4 23. Nd3 bxc3+ 24. Kc2 Bxd3+ 25. Kxd3 Rb2 26. Bh1 Bb4 27. e4 Rd2+ 28.
Ke3 Rh2 29. Kf4 c2 30. Kg3 Re2 31. Rc1 Be1+ 32. Kh3 dxe4 33. fxe4 Re3+ 34. Kh2
Bc3 35. d5 Be5+ 36. Kg1 exd5 37. exd5 Rg3+ 38. Kf2 Rxg4 39. Bf3 Rh4 40. R1xc2
Rh2+ 41. Ke3 Rxc2 42. Rxc2 Rd8 43. Ke4 Bd6 44. Bg4 Re8+ 45. Kf3 Re5 46. Rd2 f5
47. Bh3 Kf7 48. Rd1 Kf6 49. Bf1 Kg5 50. Bb5 Kxh5 51. Bc6 g5 52. Rh1+ Kg6 53. Ra1
g4+ 54. Kg2 Kg5 55. Ra8 Kf4 56. Rh8 Re2+ 57. Kf1 Kf3 58. Rxh6 g3 {White resigns}
0-1

[Event "Team 45 45 League T41"]
[Site "Internet Chess Club"]
[Date "2009.05.12"]
[Round "2"]
[White "therealwizard"]
[Black "BadHabitMarco"]
[Result "1-0"]
[WhiteElo "2267"]
[BlackElo "2047"]
[Opening "Sicilian: wing gambit, Marshall variation"]
[ECO "B20"]
[Time "10:01:51"]
[TimeControl "2700+45"]

1. e4 c5 2. b4 cxb4 3. a3 d5 4. exd5 Nf6 5. axb4 Nxd5 6. Bb2 Nxb4 7. Nf3 Nd7 8.
Bb5 a6 9. O-O Qb6 10. Nc3 e6 11. Ne5 Bd6 12. Nc4 Qc7 13. Nxd6+ Qxd6 14. Ne4 Qf8
15. Re1 Nc6 16. Ba3 Qg8 17. Nd6+ Kd8 18. Bxc6 bxc6 19. Qf3 {Black resigns} 1-0

[Event "Team 45 45 League T41"]
[Site "Internet Chess Club"]
[Date "2009.05.10"]
[Round "2"]
[White "koni"]
[Black "alexdb"]
[Result "0-1"]
[WhiteElo "1920"]
[BlackElo "1981"]
[Opening "Queen's pawn game"]
[ECO "E10"]
[Time "13:09:35"]
[TimeControl "2700+45"]

1. d4 Nf6 2. c4 e6 3. Nf3 c5 4. g3 b6 5. Bg2 Bb7 6. O-O d6 7. Nc3 Be7 8. b3 O-O
9. Re1 Ne4 10. Bb2 f5 11. d5 Bf6 12. Nxe4 fxe4 13. Bxf6 Qxf6 14. Nd2 exd5 15.
cxd5 e3 16. Nf3 exf2+ 17. Kxf2 Nd7 18. Kg1 Rae8 19. e4 Ne5 20. Nxe5 Qxe5 21. Rf1
Ba6 22. Rxf8+ Rxf8 23. Rc1 Qg5 24. Rc3 Bc8 25. Qe2 Re8 26. Qe3 Qe5 27. Qe1 Qxd5
28. exd5 Rxe1+ 29. Kf2 Re5 30. Rd3 Kf7 31. Rd2 Kf6 32. Rd3 Ba6 33. Rd2 Rh5 34.
Kg1 Re5 35. Kf2 Bb7 36. Rd3 a6 37. Rd2 b5 38. Rd1 a5 39. Rd2 c4 40. bxc4 bxc4
41. a3 c3 42. Rc2 Bxd5 43. Rxc3 Bxg2 44. Kxg2 Re2+ 45. Kg1 Ra2 46. h3 a4 47. Kf1
d5 48. Ke1 d4 49. Rc4 Rxa3 50. Rxd4 Rxg3 51. Rxa4 Rxh3 52. Ra6+ Kg5 53. Ra5+ Kh6
54. Kf2 Rh5 55. Ra6+ g6 56. Kg3 Rf5 57. Kg4 Kg7 58. Ra7+ Rf7 59. Ra5 h6 60. Rb5
Rc7 61. Rb4 h5+ 62. Kg5 Rc5+ 63. Kh4 Kh6 64. Ra4 g5+ 65. Kh3 Rc3+ 66. Kh2 h4 67.
Ra6+ Kh5 68. Ra8 Rf3 69. Rh8+ Kg4 70. Ra8 Rf2+ 71. Kg1 Kg3 72. Ra5 g4 73. Ra3+
Rf3 74. Ra2 h3 75. Rg2+ Kh4 76. Ra2 g3 77. Ra4+ Kg5 78. Ra5+ Rf5 79. Ra3 Kg4 80.
Ra4+ Rf4 81. Ra8 h2+ 82. Kg2 Rf2+ 83. Kh1 Rf1+ 84. Kg2 Rg1# {White checkmated}
0-1

[Event "Team 45 45 League T41"]
[Site "Internet Chess Club"]
[Date "2009.05.10"]
[Round "2"]
[White "Wheels"]
[Black "Paulkov"]
[Result "1-0"]
[WhiteElo "2014"]
[BlackElo "1845"]
[Opening "KP: Nimzovich defense"]
[ECO "B00"]
[Time "20:00:08"]
[TimeControl "2700+45"]

1. e4 Nc6 2. d4 d6 3. Nf3 Nf6 4. Nc3 Bg4 5. d5 Nb8 6. h3 Bh5 7. Be2 c6 8. O-O
Nbd7 9. Be3 Bxf3 10. Bxf3 g6 11. Qd2 Bg7 12. a4 O-O 13. Rab1 a6 14. Rfe1 Rc8 15.
dxc6 bxc6 16. Be2 a5 17. f4 Nb6 18. Ba6 Rb8 19. Red1 Qc7 20. Bd3 Rfd8 21. f5
Nfd7 22. fxg6 hxg6 23. b3 Ne5 24. Be2 d5 25. exd5 Nxd5 26. Nxd5 Rxd5 27. Qe1
Rbd8 28. Qf2 Rxd1+ 29. Rxd1 Rxd1+ 30. Bxd1 Qd7 31. Qd2 Qf5 32. Bb6 Kh7 33. Bxa5
Bh6 34. Qf2 Qe4 35. Qe1 Be3+ 36. Kh1 Qf4 37. Bc3 g5 38. a5 Kg6 39. a6 f6 40. Be2
g4 41. Bxe5 fxe5 42. Bxg4 e4 43. g3 Qg5 44. Kg2 Qc5 45. Qe2 Qd4 46. Bh5+ Kh6 47.
a7 Qxa7 48. Qg4 Kh7 49. Qf5+ Kh8 50. Qf8+ Kh7 51. Qf7+ Kh8 52. Bg6 e5 53. Qf8#
{Black checkmated} 1-0